PL
NORTHERN VIRGINIA RAINBOW MERMAIDS @ CHICAGO GOLD SOX
07/27/2033
 
TOP OF THE 1ST
Northern Virginia Rainbow Mermaids batting - Pitching for Chicago Gold Sox : RHP Ryunosuke Kurota
Pitching: RHP Ryunosuke Kurota
Batting: RHB Juan Jose Ayala 0-0: Called Strike
0-1: Ground out 1-3 (Groundball, 13S)
Batting: LHB Scott Kerin 0-0: DOUBLE (Groundball, 3L)
Batting: SHB Eustacio Tafalla 0-0: Swinging Strike
0-1: Foul Ball, location: 2F
0-2: Fly out, F9 (Flyball, 9)
Batting: SHB Melito Báez 0-0: Ball
1-0: Swinging Strike
1-1: Ball
2-1: Fly out, F3 (Popup, 3SF)
Top of the 1st over - 0 runs, 1 hit, 0 errors, 1 left on base; Northern Virginia 0 - Chicago 0
BOTTOM OF THE 1ST
Chicago Gold Sox batting - Pitching for Northern Virginia Rainbow Mermaids : RHP António Alomar
Pitching: RHP António Alomar
Batting: RHB Jay Hood 0-0: Ground out 5-3 (Groundball, 56)
Batting: RHB Mario Álvarez 0-0: Called Strike
0-1: Called Strike
0-2: Strikes out swinging
Batting: RHB Shimei Miura 0-0: Ball
1-0: Fly out, F8 (Flyball, 78XD)
Bottom of the 1st over - 0 runs, 0 hits, 0 errors, 0 left on base; Northern Virginia 0 - Chicago 0
TOP OF THE 2ND
Northern Virginia Rainbow Mermaids batting - Pitching for Chicago Gold Sox : RHP Ryunosuke Kurota
Batting: LHB Ty Tomblin 0-0: Called Strike
0-1: Ball
1-1: Ball
2-1: Ground out 4-3 (Groundball, 4)
Batting: RHB Zahid Kashani 0-0: Ground out 6-3 (Groundball, 6MS)
Batting: LHB José Ruíz 0-0: Ground out 6-3 (Groundball, 6)
Top of the 2nd over - 0 runs, 0 hits, 0 errors, 0 left on base; Northern Virginia 0 - Chicago 0
BOTTOM OF THE 2ND
Chicago Gold Sox batting - Pitching for Northern Virginia Rainbow Mermaids : RHP António Alomar
Batting: RHB Ramón Rodríguez 0-0: Ball
1-0: Called Strike
1-1: Ball
2-1: Foul Ball, location: 2F
2-2: Strikes out swinging
Batting: SHB Lupo Cotto 0-0: Called Strike
0-1: Ball
1-1: Fly out, F7 (Flyball, 78M)
Batting: LHB Count Dante 0-0: Swinging Strike
0-1: Foul Ball, location: 2F
0-2: Strikes out swinging
Bottom of the 2nd over - 0 runs, 0 hits, 0 errors, 0 left on base; Northern Virginia 0 - Chicago 0
TOP OF THE 3RD
Northern Virginia Rainbow Mermaids batting - Pitching for Chicago Gold Sox : RHP Ryunosuke Kurota
Batting: SHB Galtero Suárez 0-0: Ball
1-0: Foul Ball, location: 2F
1-1: Ball
2-1: SINGLE (Groundball, 56D)
Batting: RHB Colt Cabana 0-0: Ball
1-0: Foul Ball, location: 2F
1-1: Grounds into double play, 5-4-3 (Groundball, 56)
Batting: RHB Juan Jose Ayala 0-0: Ball
1-0: Foul Ball, location: 2F
1-1: Called Strike
1-2: Fly out, F8 (Flyball, 8RS)
Top of the 3rd over - 0 runs, 1 hit, 0 errors, 0 left on base; Northern Virginia 0 - Chicago 0
BOTTOM OF THE 3RD
Chicago Gold Sox batting - Pitching for Northern Virginia Rainbow Mermaids : RHP António Alomar
Batting: RHB Gustavo Mateo 0-0: DOUBLE (Line Drive, 7LM)
Batting: RHB Zeus Preckwinkle 0-0: Foul Ball, location: 2F
0-1: Ball
1-1: Ground out U3 (Groundball, 3)
Gustavo Mateo to third
Batting: RHB Pedro Torres 0-0: Called Strike
0-1: 2-RUN HOME RUN (Flyball, 7LD), Distance : 380 ft
Batting: RHB Jay Hood 0-0: Ground out 5-3 (Groundball, 56S)
Batting: RHB Mario Álvarez 0-0: Called Strike
0-1: Called Strike
0-2: Ball
1-2: Strikes out swinging
Bottom of the 3rd over - 2 runs, 2 hits, 0 errors, 0 left on base; Northern Virginia 0 - Chicago 2
TOP OF THE 4TH
Northern Virginia Rainbow Mermaids batting - Pitching for Chicago Gold Sox : RHP Ryunosuke Kurota
Batting: LHB Scott Kerin 0-0: Called Strike
0-1: Ball
1-1: SINGLE (Groundball, 4MS) (infield hit)
Batting: SHB Eustacio Tafalla 0-0: Called Strike
0-1: Ball
1-1: Ball
2-1: Ball
3-1: Base on Balls
Scott Kerin to second
Batting: SHB Melito Báez 0-0: Fly out, F9 (Flyball, 89S)
Batting: LHB Ty Tomblin 0-0: Ball
1-0: Called Strike
1-1: Foul Ball, location: 2F
1-2: Fielders Choice at 2nd, 4-6 (Groundball, 4)
Scott Kerin to third
Batting: RHB Zahid Kashani 0-0: Ball
1-0: Called Strike
1-1: Foul Ball, location: 2F
1-2: Fly out, F9 (Flyball, 9D)
Top of the 4th over - 0 runs, 1 hit, 0 errors, 2 left on base; Northern Virginia 0 - Chicago 2
BOTTOM OF THE 4TH
Chicago Gold Sox batting - Pitching for Northern Virginia Rainbow Mermaids : RHP António Alomar
Batting: RHB Shimei Miura 0-0: Foul Ball, location: 2F
0-1: Called Strike
0-2: Ball
1-2: Fly out, F7 (Flyball, 7)
Batting: RHB Ramón Rodríguez 0-0: Called Strike
0-1: Ball
1-1: Foul Ball, location: 2F
1-2: Ball
2-2: Foul Ball, location: 2F
2-2: Ball
3-2: Ground out 5-3 (Groundball, 56S)
Batting: SHB Lupo Cotto 0-0: Called Strike
0-1: Ball
1-1: Ball
2-1: SOLO HOME RUN (Flyball, 9D), Distance : 394 ft
Batting: LHB Count Dante 0-0: Ball
1-0: Ball
2-0: Ball
3-0: Base on Balls
Batting: RHB Gustavo Mateo 0-0: Ball
1-0: Called Strike
Count Dante is caught stealing 2nd base
Bottom of the 4th over - 1 run, 1 hit, 0 errors, 0 left on base; Northern Virginia 0 - Chicago 3
TOP OF THE 5TH
Northern Virginia Rainbow Mermaids batting - Pitching for Chicago Gold Sox : RHP Ryunosuke Kurota
Batting: LHB José Ruíz 0-0: Ball
1-0: Called Strike
1-1: Ball
2-1: Ground out 4-3 (Groundball, 4M)
Batting: SHB Galtero Suárez 0-0: Called Strike
0-1: Ball
1-1: Ball
2-1: SINGLE (Line Drive, 34D)
Batting: RHB Colt Cabana 0-0: Ball
1-0: Ground out 5-3 (Groundball, 56S)
Galtero Suárez to second
Batting: RHB Juan Jose Ayala 0-0: Ground out 6-3 (Groundball, 6)
Top of the 5th over - 0 runs, 1 hit, 0 errors, 1 left on base; Northern Virginia 0 - Chicago 3
BOTTOM OF THE 5TH
Chicago Gold Sox batting - Pitching for Northern Virginia Rainbow Mermaids : RHP António Alomar
Batting: RHB Gustavo Mateo 0-0: Ball
1-0: DOUBLE (Line Drive, 7LM)
Batting: RHB Zeus Preckwinkle 0-0: Bunted foul
0-1: Sac Bunt - play at first, batter OUT! 5-4
Gustavo Mateo to third
Batting: RHB Pedro Torres 0-0: Ball
1-0: Foul Ball, location: 2F
1-1: Called Strike
1-2: Ground out 6-3 (Groundball, 6)
Gustavo Mateo scores
Batting: RHB Jay Hood 0-0: Ground out U3 (Groundball, 3)
Bottom of the 5th over - 1 run, 1 hit, 0 errors, 0 left on base; Northern Virginia 0 - Chicago 4
TOP OF THE 6TH
Northern Virginia Rainbow Mermaids batting - Pitching for Chicago Gold Sox : RHP Ryunosuke Kurota
Batting: LHB Scott Kerin 0-0: Ball
1-0: Ball
2-0: Ball
3-0: Base on Balls
Batting: SHB Eustacio Tafalla 0-0: Ball
1-0: Ball
2-0: Called Strike
2-1: Foul Ball, location: 2F
2-2: Foul Ball, location: 2F
2-2: Ground out U3 (Groundball, 34S)
Scott Kerin to second
Batting: SHB Melito Báez 0-0: Called Strike
0-1: Swinging Strike
0-2: Ball
1-2: TRIPLE (Flyball, 78XD)
Scott Kerin scores
Batting: LHB Ty Tomblin 0-0: Fly out, F9 (Flyball, 9S)
Runner from 3rd tags up, SCORES, throw made
Batting: RHB Zahid Kashani 0-0: Called Strike
0-1: SINGLE (Flyball, 89M)
Batting: LHB José Ruíz 0-0: Ball
Zahid Kashani is caught stealing 2nd base
Top of the 6th over - 2 runs, 2 hits, 0 errors, 0 left on base; Northern Virginia 2 - Chicago 4
BOTTOM OF THE 6TH
Chicago Gold Sox batting - Pitching for Northern Virginia Rainbow Mermaids : RHP António Alomar
Batting: RHB Mario Álvarez 0-0: SINGLE (Line Drive, 89M)
Batting: RHB Shimei Miura 0-0: Called Strike
0-1: Ball
1-1: SINGLE (Groundball, 6) (infield hit)
Mario Álvarez to second
Pitching: RHP Iván García
Batting: RHB Ramón Rodríguez 0-0: Called Strike
0-1: Fly out, F6 (Popup, 6M)
Batting: SHB Lupo Cotto 0-0: Ball
1-0: Called Strike
1-1: Foul Ball, location: 2F
1-2: Strikes out swinging
Batting: LHB Count Dante 0-0: Called Strike
0-1: Ball
1-1: Called Strike
1-2: Foul Ball, location: 2F
1-2: Fly out, F6 (Line Drive, 6)
Bottom of the 6th over - 0 runs, 2 hits, 0 errors, 2 left on base; Northern Virginia 2 - Chicago 4
TOP OF THE 7TH
Northern Virginia Rainbow Mermaids batting - Pitching for Chicago Gold Sox : RHP Ryunosuke Kurota
Batting: LHB José Ruíz 0-0: Called Strike
0-1: Swinging Strike
0-2: SINGLE (Line Drive, 6MD)
Batting: SHB Galtero Suárez 0-0: Ball
José Ruíz steals 2nd base
1-0: Swinging Strike
1-1: SINGLE (Groundball, 6D)
José Ruíz to third
Runner from 3rd tries for Home, SAFE, no throw
Batting: RHB Colt Cabana 0-0: Sac Bunt - play at first, batter OUT! 1-4
Galtero Suárez to second
Batting: RHB Juan Jose Ayala 0-0: Ball
1-0: Swinging Strike
1-1: Ball
2-1: Ball
3-1: Base on Balls
Batting: LHB Scott Kerin 0-0: Foul Ball, location: 2F
0-1: Called Strike
0-2: SINGLE (Groundball, 4MD)
Galtero Suárez to third
Juan Jose Ayala to second
Runner from 3rd tries for Home, SAFE, throw made home
Pitching: RHP Tom McKee
Batting: SHB Eustacio Tafalla 0-0: Ball
1-0: Called Strike
1-1: SINGLE (Flyball, 89S)
Juan Jose Ayala to third
Scott Kerin to second
Runner from 3rd tries for Home, SAFE, no throw
Batting: SHB Melito Báez 0-0: Foul Ball, location: 2F
0-1: Ball
1-1: Ball
2-1: Fly out, F4 (Popup, 34)
Batting: LHB Ty Tomblin 0-0: Called Strike
0-1: Ball
1-1: Fly out, F8 (Flyball, 8LS)
Top of the 7th over - 3 runs, 4 hits, 0 errors, 2 left on base; Northern Virginia 5 - Chicago 4
BOTTOM OF THE 7TH
Chicago Gold Sox batting - Pitching for Northern Virginia Rainbow Mermaids : RHP Iván García
Batting: RHB Gustavo Mateo 0-0: Ball
1-0: Ball
2-0: Called Strike
2-1: Ball
3-1: Ground out 5-3 (Groundball, 56S)
Batting: RHB Zeus Preckwinkle 0-0: Ball
1-0: Called Strike
1-1: Ball
2-1: Fly out, F8 (Flyball, 8RXD)
Batting: RHB Pedro Torres 0-0: Swinging Strike
0-1: Ball
1-1: Ball
2-1: Swinging Strike
2-2: Strikes out looking
Bottom of the 7th over - 0 runs, 0 hits, 0 errors, 0 left on base; Northern Virginia 5 - Chicago 4
TOP OF THE 8TH
Northern Virginia Rainbow Mermaids batting - Pitching for Chicago Gold Sox : RHP Tom McKee
Batting: RHB Zahid Kashani 0-0: Swinging Strike
0-1: Swinging Strike
0-2: Ball
1-2: Strikes out swinging
Batting: LHB José Ruíz 0-0: Foul Ball, location: 2F
0-1: Swinging Strike
0-2: Fly out, F6 (Flyball, 6MD)
Batting: SHB Galtero Suárez 0-0: Ball
1-0: Called Strike
1-1: Foul Ball, location: 2F
1-2: Strikes out swinging
Top of the 8th over - 0 runs, 0 hits, 0 errors, 0 left on base; Northern Virginia 5 - Chicago 4
BOTTOM OF THE 8TH
Chicago Gold Sox batting - Pitching for Northern Virginia Rainbow Mermaids : RHP Iván García
Now at C: Adrian Rodgers
Batting: RHB Jay Hood 0-0: SINGLE (Flyball, 9LS)
Batting: RHB Mario Álvarez 0-0: Bunted foul
0-1: Sac Bunt - play at first, batter OUT! 1-4
Jay Hood to second
Batting: RHB Shimei Miura 0-0: Hit by Pitch
Batting: RHB Ramón Rodríguez 0-0: Called Strike
0-1: Ball
1-1: Foul Ball, location: 2F
1-2: Foul Ball, location: 2F
1-2: Ball
2-2: Foul Ball, location: 2F
2-2: Ball
3-2: Strikes out swinging
Batting: SHB Lupo Cotto 0-0: Swinging Strike
0-1: Ground out U3 (Groundball, 3L)
Bottom of the 8th over - 0 runs, 1 hit, 0 errors, 2 left on base; Northern Virginia 5 - Chicago 4
TOP OF THE 9TH
Northern Virginia Rainbow Mermaids batting - Pitching for Chicago Gold Sox : RHP Tom McKee
Pitching: LHP Ilie Paunescu
Batting: RHB Colt Cabana 0-0: Called Strike
0-1: Ball
1-1: Foul Ball, location: 2F
1-2: Ball
2-2: Foul Ball, location: 2F
2-2: Ground out 4-3 (Groundball, 4)
Batting: RHB Juan Jose Ayala 0-0: Foul Ball, location: 2F
0-1: Ball
1-1: Ball
2-1: Foul Ball, location: 2F
2-2: Foul Ball, location: 2F
2-2: Fly out, F8 (Flyball, 89M)
Batting: LHB Scott Kerin 0-0: Called Strike
0-1: Ball
1-1: Ball
2-1: Ground out 1-3 (Groundball, 13)
Top of the 9th over - 0 runs, 0 hits, 0 errors, 0 left on base; Northern Virginia 5 - Chicago 4
BOTTOM OF THE 9TH
Chicago Gold Sox batting - Pitching for Northern Virginia Rainbow Mermaids : RHP Iván García
Pitching: RHP Christian Mustard
Batting: LHB Count Dante 0-0: Foul Ball, location: 2F
0-1: Ball
1-1: Swinging Strike
1-2: Foul Ball, location: 2F
1-2: Strikes out swinging
Batting: RHB Gustavo Mateo 0-0: Called Strike
0-1: Ball
1-1: Swinging Strike
1-2: Foul Ball, location: 2F
1-2: Strikes out swinging
Batting: RHB Zeus Preckwinkle 0-0: Ball
1-0: Ball
2-0: Ball
3-0: Base on Balls
Batting: RHB Pedro Torres 0-0: Called Strike
0-1: Foul Ball, location: 2F
0-2: DOUBLE (Flyball, 8RXD)
Zeus Preckwinkle to third
Runner from 3rd tries for Home, SAFE, no throw
Batting: RHB Jay Hood 0-0: Ball
1-0: Ball
2-0: SINGLE (Flyball, 89M)
Pedro Torres to third
Batting: RHB Mario Álvarez 0-0: Ball
1-0: Called Strike
1-1: Ball
2-1: Called Strike
2-2: Foul Ball, location: 2F
2-2: Foul Ball, location: 2F
2-2: Ground out 4-3 (Groundball, 4)
Bottom of the 9th over - 1 run, 2 hits, 0 errors, 2 left on base; Northern Virginia 5 - Chicago 5
TOP OF THE 10TH
Northern Virginia Rainbow Mermaids batting - Pitching for Chicago Gold Sox : LHP Ilie Paunescu
Batting: SHB Eustacio Tafalla 0-0: Ball
1-0: Swinging Strike
1-1: Ball
2-1: Called Strike
2-2: Fly out, F7 (Flyball, 78D)
Batting: SHB Melito Báez 0-0: Called Strike
0-1: Ground out 1-3 (Groundball, 13)
Batting: LHB Ty Tomblin 0-0: Fly out, F8 (Flyball, 8LD)
Top of the 10th over - 0 runs, 0 hits, 0 errors, 0 left on base; Northern Virginia 5 - Chicago 5
BOTTOM OF THE 10TH
Chicago Gold Sox batting - Pitching for Northern Virginia Rainbow Mermaids : RHP Christian Mustard
Pitching: RHP Guldemunde Geilinger
Batting: RHB Shimei Miura 0-0: Ball
1-0: Foul Ball, location: 2F
1-1: Ball
2-1: Ball
3-1: Called Strike
3-2: Foul Ball, location: 2F
3-2: DOUBLE (Line Drive, 7LD)
Batting: RHB Ramón Rodríguez 0-0: Ball
1-0: Ball
2-0: Ball
3-0: Called Strike
3-1: Foul Ball, location: 2F
3-2: Foul Ball, location: 2F
3-2: Foul Ball, location: 2F
3-2: Base on Balls
Batting: SHB Lupo Cotto 0-0: Swinging Strike
0-1: Ball
1-1: Foul Ball, location: 2F
1-2: Strikes out swinging
Batting: LHB Count Dante 0-0: Fly out, F9 (Flyball, 9)
Batting: RHB Gustavo Mateo 0-0: Ball
1-0: Called Strike
1-1: Ground out 6-3 (Groundball, 6M)
Bottom of the 10th over - 0 runs, 1 hit, 0 errors, 2 left on base; Northern Virginia 5 - Chicago 5
TOP OF THE 11TH
Northern Virginia Rainbow Mermaids batting - Pitching for Chicago Gold Sox : LHP Ilie Paunescu
Pitching: RHP Tomás Huesca
Batting: RHB Zahid Kashani 0-0: Ball
1-0: Ball
2-0: Ground out 5-3 (Groundball, 5)
Batting: LHB José Ruíz 0-0: Ball
1-0: Called Strike
1-1: Ball
2-1: Foul Ball, location: 2F
2-2: Ground out U3 (Groundball, 3S)
Batting: RHB Adrian Rodgers 0-0: Swinging Strike
0-1: Called Strike
0-2: Ball
1-2: Ball
2-2: Foul Ball, location: 2F
2-2: Strikes out looking
Top of the 11th over - 0 runs, 0 hits, 0 errors, 0 left on base; Northern Virginia 5 - Chicago 5
BOTTOM OF THE 11TH
Chicago Gold Sox batting - Pitching for Northern Virginia Rainbow Mermaids : RHP Guldemunde Geilinger
Batting: RHB Zeus Preckwinkle 0-0: Called Strike
0-1: Foul Ball, location: 2F
0-2: Ball
1-2: Ground out 4-3 (Groundball, 34)
Batting: RHB Pedro Torres 0-0: Called Strike
0-1: Ball
1-1: Swinging Strike
1-2: Ball
2-2: Strikes out swinging
Batting: RHB Jay Hood 0-0: Ball
1-0: Swinging Strike
1-1: Called Strike
1-2: Strikes out swinging
Bottom of the 11th over - 0 runs, 0 hits, 0 errors, 0 left on base; Northern Virginia 5 - Chicago 5
TOP OF THE 12TH
Northern Virginia Rainbow Mermaids batting - Pitching for Chicago Gold Sox : RHP Tomás Huesca
Batting: RHB Colt Cabana 0-0: Ball
1-0: Fly out, F5 (Flyball, 5D)
Batting: RHB Juan Jose Ayala 0-0: Ball
1-0: Fly out, F3 (Popup, 3S)
Batting: LHB Scott Kerin 0-0: Ball
1-0: Ball
2-0: Called Strike
2-1: Fly out, F4 (Line Drive, 4)
Top of the 12th over - 0 runs, 0 hits, 0 errors, 0 left on base; Northern Virginia 5 - Chicago 5
BOTTOM OF THE 12TH
Chicago Gold Sox batting - Pitching for Northern Virginia Rainbow Mermaids : RHP Guldemunde Geilinger
Batting: RHB Mario Álvarez 0-0: Foul Ball, location: 2F
0-1: SINGLE (Groundball, 6D)
Batting: RHB Shimei Miura 0-0: Ball
1-0: Ball
2-0: Ball
3-0: Base on Balls
Mario Álvarez to second
Batting: RHB Ramón Rodríguez 0-0: Ball
1-0: Ball
2-0: Ball
3-0: Base on Balls
Mario Álvarez to third
Shimei Miura to second
Batting: SHB Lupo Cotto 0-0: Ball
1-0: Ball
2-0: Called Strike
2-1: Foul Ball, location: 2F
2-2: Ball
3-2: SINGLE (Groundball, 34D)
Mario Álvarez scores
Saturday, December 22nd, 2018 - OOTP Baseball 18.8 Build 76